 Dungeon Crawl Stone Soup version 0.19-a0-1672-g679cadd (webtiles) character file.

896 TheGoonsmith the Destroyer (level 7, -1/36 HPs)
             Began as a Deep Elf Conjurer on Sept 22, 2016.
             Was a Follower of Vehumet.
             Engulfed by a cloud of freezing vapour (9 damage)
             ... on level 6 of the Dungeon.
             The game lasted 00:08:41 (5045 turns).

TheGoonsmith the Destroyer (Deep Elf Conjurer)      Turns: 5045, Time: 00:08:41

Health: -1/36      AC:  4    Str:  5    XL:     7   Next: 79%
Magic:  19/19      EV: 13    Int: 22    God:    Vehumet [*.....]
Gold:   134        SH:  0    Dex: 15    Spells: 4 memorised, 7 levels left

rFire  + . .     SeeInvis .     g - +1 club
rCold  + + .     Gourm    .     a - +1 robe
rNeg   . . .     Faith    .     (no shield)
rPois  +         Spirit   .     (no helmet)
rElec  +         Dismiss  .     (no cloak)
rCorr  +         Reflect  .     i - +0 pair of gloves
MR     .....     Harm     .     (no boots)
Stlth  ++........               (no amulet)
                                m - ring of poison resistance
                                k - ring of protection from cold

@: resistant
A: no striking features
a: Renounce Religion


You were on level 6 of the Dungeon.
You worshipped Vehumet.
Vehumet was aware of your devotion.
You were not hungry.

You visited 2 branches of the dungeon, and saw 7 of its levels.

You collected 296 gold pieces.
You spent 162 gold pieces at shops.

Inventory:

Hand Weapons
 g - a +1 club (weapon)
Armour
 a - a +1 robe (worn)
 i - a +0 pair of gloves (worn)
Jewellery
 k - a ring of protection from cold (left hand)
 m - a ring of poison resistance (right hand)
 F - an uncursed amulet of dismissal {unknown}
Wands
 A - a wand of lightning (15/15)
 C - a wand of flame (18/48)
Scrolls
 d - 5 scrolls of teleportation
 e - a scroll of fear
 h - a scroll of remove curse
 l - 2 scrolls of acquirement {unknown}
 r - a scroll of identify
 t - 2 scrolls of magic mapping
 w - a scroll of recharging
 y - a scroll of enchant weapon
Potions
 f - 2 potions of heal wounds
 j - 5 potions of flight
 p - 4 potions of curing
 q - a potion of agility
 s - 2 potions of cancellation
 u - 2 potions of invisibility {unknown}
 v - a potion of beneficial mutation {unknown}
 z - a potion of might {unknown}
 B - 4 potions of brilliance
 D - a potion of magic {unknown}
 E - 2 potions of berserk rage
Books
 b - a book of Conjurations

   Spells                             Type                      Level
   a - Magic Dart                     Conjuration                  1
   b - Searing Ray                    Conjuration                  2
   c - Dazzling Spray                 Conjuration/Hexes            3
   d - Fulminant Prism                Conjuration/Hexes            4
   e - Iskenderun's Mystic Blast      Conjuration                  4
   f - Iskenderun's Battlesphere      Conjuration/Charms           5
Comestibles
 c - 6 bread rations
 n - 4 meat rations
 x - a slice of pizza


   Skills:
 - Level 2.4 Dodging
 - Level 2.4 Stealth
 + Level 6.7 Spellcasting
 * Level 8.3 Conjurations
 - Level 3.4 Hexes
 + Level 3.8 Charms


You had 7 spell levels left.
You knew the following spells:

 Your Spells              Type           Power        Failure   Level  Hunger
a - Magic Dart            Conj           ####         1%          1    None
b - Searing Ray           Conj           #####.       1%          2    None
c - Fulminant Prism       Conj/Hex       ####......   10%         4    ###....
z - Iskenderun's Battles  Conj/Chrm      ####....     21%         5    #####..


Dungeon Overview and Level Annotations

Branches:
Dungeon (6/15)             Temple (1/1) D:4

Altars:
Ashenzari
Cheibriados
Dithmenos
Gozag
Hepliaklqana
Kikubaaqudgha
Makhleb
Okawaru
Ru
Sif Muna
Trog
Uskayaw
Vehumet
Xom
Yredelemnul
The Shining One

Shops:
D:4 ?


Message History

p - 4 potions of curing (gained 2)
Found a stone staircase leading up.
D - a viscous ruby potion
F - a thin zirconium amulet
Found a glaive.
You now have 134 gold pieces (gained 10).
Found a rapier.
Casting: Searing Ray
Confirm with . or Enter, or press ? or * to list all spells.
You can't see any susceptible monsters within range! (Use Z to cast anyway.)
You open the door.
Found 14 stones.
There is an open door here.
You are engulfed in freezing vapours.
You resist.
You are engulfed in freezing vapours.
You resist.
You are engulfed in freezing vapours.
You resist.
* * * LOW HITPOINT WARNING * * *
You feel protected.
You are engulfed in freezing vapours.
You resist.
You die...

######################
#######..............)......
........#########.##########
........# #.## ........#
#..# ........##########.###
#################8'8##
#........§§§§§§§@§..##
#§###################....
#§§§§§§§§....../?$()#.###
#####################.#
......<.....$.........#
....... .##############
#.### .... #.###


There were no monsters in sight!

Vanquished Creatures
  An ice beast (D:5)
  A centaur (D:5)
  A bullfrog (D:6)
  2 scorpions
  2 howler monkeys
  A crimson imp (D:5)
  A hound (D:5)
  2 bullfrog skeletons
  Jessica (D:3)
  Natasha (thrice) (D:3)
  2 orc wizards (D:4)
  11 adders
  A howler monkey skeleton (D:5)
  2 shadow imps
  5 worms (D:3)
  2 dart slugs
  A leopard gecko (D:5)
  8 orcs
  A ball python (D:2)
  2 bats (D:3)
  A giant cockroach (D:1)
  7 goblins
  4 hobgoblins
  3 jackals (D:4)
  A frilled lizard (D:2)
  10 kobolds
  A quokka skeleton (D:5)
  8 rats
85 creatures vanquished.

Notes
Turn   | Place    | Note
-------+----------+-------------------------------------------
     0 | D:1      | TheGoonsmith the Deep Elf Conjurer began the quest for the Orb.
     0 | D:1      | Reached XP level 1. HP: 10/10 MP: 6/6
   293 | D:1      | Reached XP level 2. HP: 15/15 MP: 6/8
   563 | D:2      | Reached skill level 5 in Conjurations
   810 | D:2      | Reached XP level 3. HP: 15/19 MP: 6/10
  1066 | D:3      | Noticed a moth of wrath
  1145 | D:3      | Noticed a scorpion
  1191 | D:2      | Learned a level 2 spell: Searing Ray
  1204 | D:3      | Reached XP level 4. HP: 24/24 MP: 7/12
  1464 | D:3      | Learned a level 4 spell: Fulminant Prism
  1584 | D:3      | Noticed Jessica
  1592 | D:3      | Killed Jessica
  1592 | D:3      | Reached skill level 6 in Conjurations
  1592 | D:3      | Reached skill level 1 in Hexes
  1672 | D:3      | Noticed Natasha
  1676 | D:3      | Killed Natasha
  1676 | D:3      | Reached XP level 5. HP: 28/28 MP: 9/14
  1763 | D:3      | Noticed Natasha
  1773 | D:3      | Killed Natasha
  1937 | D:3      | Reached skill level 5 in Spellcasting
  2025 | D:3      | Noticed Natasha
  2033 | D:3      | Killed Natasha
  2068 | D:3      | Found a bloodstained altar of Trog.
  2201 | D:3      | Found a glowing golden altar of the Shining One.
  2530 | D:3      | Reached XP level 6. HP: 32/32 MP: 7/15
  2639 | D:3      | HP: 1/32 [worm (16)]
  3019 | D:4      | Found a staircase to the Ecumenical Temple.
  3150 | Temple   | Entered the Ecumenical Temple
  3213 | Temple   | Became a worshipper of Vehumet
  3571 | D:4      | Found a deep blue altar of Sif Muna.
  3591 | D:4      | Reached skill level 7 in Conjurations
  3687 | D:4      | Found Xoutar's Magic Scroll Shop.
  3695 | D:4      | Bought a scroll of identify for 24 gold pieces
  3695 | D:4      | Bought a scroll of magic mapping for 42 gold pieces
  3695 | D:4      | Bought a scroll of teleportation for 36 gold pieces
  3695 | D:4      | Bought a scroll of teleportation for 36 gold pieces
  3695 | D:4      | Bought a scroll of identify for 24 gold pieces
  3755 | D:4      | Learned a level 5 spell: Iskenderun's Battlesphere
  3779 | D:5      | Entered Level 5 of the Dungeon
  3838 | D:5      | Reached skill level 1 in Charms
  3909 | D:5      | Reached XP level 7. HP: 36/36 MP: 6/18
  4359 | D:5      | Reached skill level 8 in Conjurations
  4475 | D:5      | Found a basalt altar of Yredelemnul.
  4928 | D:6      | Reached * piety under Vehumet
  4928 | D:6      | Offered knowledge of Sandblast by Vehumet.
  5045 | D:6      | Engulfed by a cloud of freezing vapour

Vault maps used:
D:1:      wheals_arrival_shading
D:3:      tgw_trog, tso_oasis_becter, uniq_jessica, uniq_natasha
D:4:      first_bread, serial_shops,
          nicolae_shop_temple_entry_statues_fountains, led_sif_book
D:5:      lemuel_crystal_altar, grunt_ministairs_11
D:6:      lemuel_ice_spiral_2, lemuel_doored_altar, elyvilon_altar_4,
          nemelex_altar_shiori
Temple:   nicolae_temple_god_jail

Skill      XL: |  1  2  3  4  5  6  7 |
---------------+----------------------+-----
Conjurations   | 5 6 7 8 |  8.3
Spellcasting   | 4 5 6 |  6.7
Hexes          | 1 2 3 |  3.4
Charms         | 1 3 |  3.8
Dodging        | |  2.4
Stealth        | |  2.4

Action                   |  1- 3 |  4- 6 |  7- 9 || total
-------------------------+-------+-------+-------++-------
Melee: Unarmed           |     5 |       |       ||     5
       Club              |       |       |     4 ||     4
 Cast: Magic Dart        |    46 |   132 |    41 ||   219
       Searing Ray       |       |    10 |     5 ||    15
  Use: Scroll            |       |     7 |    10 ||    17
       Potion            |       |     1 |     1 ||     2
  Eat: Chunk             |     1 |     8 |     3 ||    12
Armor: Robe              |     4 |     3 |     3 ||    10
Dodge: Dodged            |     7 |    11 |     8 ||    26
